Cogmind - Beta 14 @@@ ROGUE MODE // 2024.09.15 @ 13:02:42 Player: rice Result: Destroyed by Y-45 Defender with Heavy Assault Rifle Performance ------------- Evolutions (0) 0 Regions Visited (2) 400 Robots Destroyed (18) 90 Value Destroyed (384) 384 Prototype IDs (4) 80 Alien Tech Used (0) 0 Bonus (0) 0 TOTAL SCORE: 954 Bonus ------- None Cogmind --------- Core Integrity 0/250 Matter 300/300 Energy 0/100 System Corruption 0% Temperature Cool (6) Movement Core (450) Ox8 Location -10/Mines Parts ------- > --- POWER (1) -------- (None) > --- PROPULSION (2) --- (None) > --- UTILITY (2) ------ Large Storage Unit Shield Generator > --- WEAPON (2) ------- Heavy Hammer > --- INVENTORY (15) --- Light Ion Engine Light Treads Light Treads Huge Storage Unit Terrain Scanner ECM Suite Hacking Suite Light Assault Rifle Light Cannon Mini Grenade Launcher Mini Grenade Launcher Peak State ------------ > --- POWER ------------ Ion Engine > --- PROPULSION ------- Aluminum Leg Aluminum Leg > --- UTILITY ---------- Large Storage Unit Shield Generator > --- WEAPON ----------- Beam Rifle Heavy Hammer > --- INVENTORY -------- Light Ion Engine Light Treads Light Treads Huge Storage Unit Terrain Scanner ECM Suite Hacking Suite Light Assault Rifle Light Cannon Mini Grenade Launcher Mini Grenade Launcher [Rating: 11] Favorites ----------- Power Ion Engine Engine Ion Engine Propulsion Aluminum Leg Leg Aluminum Leg Utility Large Storage Unit Device ECM Suite Storage Large Storage Unit Processor Signal Interpreter Weapon Beam Rifle Energy Gun Beam Rifle Ballistic Gun Assault Rifle Impact Weapon Heavy Hammer Special Melee Weapon Datajack Build | -11 -10 -10 ------- Run | Yrd Mat Min Slots Evolved . | . . . Power . | . . . Propulsion . | . . . Utility . | . . . Weapon . | . . . Parts Attached 18 | 7 10 1 Power 2 | 2 . . Engine 2 | 2 . . Core . | . . . Reactor . | . . . Propulsion 3 | 2 1 . Treads . | . . . Leg 3 | 2 1 . Wheel . | . . . Hover . | . . . Flight . | . . . Utility 7 | 1 5 1 Device 3 | . 2 1 Storage 3 | 1 2 . Processor 1 | . 1 . Hackware . | . . . Protection . | . . . Artifact . | . . . Weapon 6 | 2 4 . Energy Gun 2 | 1 1 . Energy Cannon . | . . . Ballistic Gun 1 | 1 . . Ballistic Cannon . | . . . Launcher . | . . . Special Weapon . | . . . Impact Weapon 2 | . 2 . Slashing Weapon . | . . . Piercing Weapon . | . . . Special Melee Weapon 1 | . 1 . Unidentified Prototypes . | . . . Parts Lost 7 | . 3 4 Power 1 | . . 1 Propulsion 3 | . 1 2 Utility . | . . . Weapon 3 | . 2 1 Highest Loss Streak 4 | . 2 4 To Critical Strikes . | . . . Average Slot Usage (%) 97 | . 97 97 Engine 13 | . 14 13 Leg 27 | . 27 26 Device 11 | . 10 14 Storage 14 | . 14 14 Processor 1 | . 1 . Energy Gun 11 | . 10 13 Ballistic Gun 5 | . 6 . Impact Weapon 8 | . 7 14 Special Melee Weapon 2 | . 3 . Peak Build Rating 11 | 6 10 11 Average Rating 8 | 4 8 10 On Entrance 5 | . 6 10 Naked Turns . | . . . Heaviest Build 90 | 14 90 33 Greatest Support 20 | 20 20 20 Greatest Overweight (x) 8 | . 4 8 Average Overweight (x) . | . . 1 Largest Inventory Capacity 25 | 8 25 15 Average Capacity 12 | 6 12 15 Most Carried 12 | 3 12 11 Average Carried 7 | 2 6 11 Final Capacity 15 | 8 15 15 Final Carried 12 | 3 12 11 Class Distribution -------------------- 100% | Mutant Dominant Class ---------------- Mutant | -10/Materials Mutant | -10/Mines Resources | -11 -10 -10 ----------- Run | Yrd Mat Min Matter Collected 506 | 254 202 50 Remotely . | . . . Salvage Created 598 | . 515 83 Parts 25 | . 24 1 Haulers Intercepted . | . . . Recyclers Shooed . | . . . Parts Field Recycled . | . . . Retrieved Matter . | . . . Parts Self-Destructed . | . . . Prevented . | . . . Kills | -11 -10 -10 ------- Run | Yrd Mat Min Combat Hostiles Destroyed 13 | . 11 2 Melee 1 | . 1 . Guns 9 | . 9 . Classes Destroyed 5 | . 5 . Recycler 2 | . 2 . Operator 1 | . 1 . Watcher 2 | . 2 . Swarmer 6 | . 6 . Grunt 7 | . 5 2 Best Kill Streak 3 | . 3 2 Combat Bots Only 3 | . 3 2 Max Kills in Single Turn 1 | . 1 1 Gunslinging . | . . . Exploded . | . . . Melee 1 | . 1 . Uniques/NPCs Destroyed . | . . . Combat | -11 -10 -10 -------- Run | Yrd Mat Min Hostile Shots Fired 108 | . 62 46 Missed 23 | . 16 7 Damage Taken 914 | . 478 436 Core 254 | . 107 147 Absorbed by Shields 117 | . . 117 Core Remaining (%) 100 | 100 . . Volleys Fired 50 | . 50 . Largest 2 | . 2 . Hottest 76 | . 76 . Shots Fired 71 | . 71 . Gun 71 | . 71 . Cannon . | . . . Launcher . | . . . Special . | . . . Kinetic 47 | . 47 . Thermal 5 | . 5 . Explosive . | . . . Electromagnetic 19 | . 19 . Robot Hit Streak 6 | . 6 . Robot Miss Streak 3 | . 3 . Penetration Max . | . . . Secondary Targets . | . . . Shots Hit Robots 62 | . 53 9 Core Hits 19 | . 19 . Critical Kills . | . . . Critical Parts Destroyed 3 | . 2 1 Critical Strikes 3 | . 2 1 Smash 3 | . 2 1 Melee Attacks 24 | . 10 14 Impact 21 | . 7 14 Slashing . | . . . Piercing . | . . . Sneak Attacks 5 | . 5 . Combat Hostiles . | . . . Follow-up Attacks . | . . . Damage Inflicted 1284 | . 942 342 Guns 638 | . 638 . Cannons . | . . . Explosions . | . . . Melee 646 | . 304 342 Ramming . | . . . Kinetic 441 | . 441 . Thermal 58 | . 58 . Explosive . | . . . Electromagnetic 139 | . 139 . Impact 646 | . 304 342 Slashing . | . . . Piercing . | . . . Highest Corruption . | . . . Average Corruption . | . . . Corruption Purged . | . . . Corruption Blocked . | . . . Overload Shots . | . . . Overflow Damage 251 | . 192 59 Projectiles . | . . . Explosions . | . . . Melee 251 | . 192 59 Knockbacks 2 | . 2 . Impact 2 | . 2 . Kinetic . | . . . Secondary . | . . . Self-Inflicted Damage . | . . . Shots . | . . . Rammed . | . . . Targets Rammed . | . . . Kicked . | . . . Crushed . | . . . Highest Temperature 75 | . 75 . Average Temperature 21 | . 21 . Received Heat Transfer 315 | . 165 150 Siege Activations . | . . . Robots Corrupted 5 | . 3 2 Combat Hostiles 3 | . 1 2 Parts Fried 6 | . 5 1 Impact Corruptions 9 | . 5 4 Robots Melted . | . . . Combat Hostiles . | . . . Parts Melted . | . . . Heat Transferred 148 | . 148 . Parts Sabotaged . | . . . Parts Stolen . | . . . Parts Stripped . | . . . Power Chain Reactions . | . . . Alert | -11 -10 -10 ------- Run | Yrd Mat Min Peak Influence 222 | . 222 65 Initial . | . . . Average 52 | . 62 21 Maximum Alert Level 1 | . 1 . Low Security (%) 95 | 100 94 100 Level 1 4 | . 5 . Level 2 . | . . . Level 3 . | . . . Level 4 . | . . . Level 5 . | . . . High Security . | . . . Max Security . | . . . Squads Dispatched 2 | . 2 . Investigation 1 | . 1 . Extermination . | . . . Reinforcement 1 | . 1 . Assault . | . . . Garrison . | . . . Intercept . | . . . Searches Triggered . | . . . Construction Impeded . | . . . Haulers Reinforced . | . . . Active Scanning Responses . | . . . Cargo Convoy Interrupts . | . . . Stealth | -11 -10 -10 --------- Run | Yrd Mat Min Distress Signals 1 | . 1 . Communications Jammed . | . . . Distress Signals . | . . . Times Spotted 28 | . 24 4 Peak Tracking Total 3 | . 3 2 Tactical Retreats 3 | . 3 . Traps | -11 -10 -10 ------- Run | Yrd Mat Min Traps Triggered 1 | . 1 . Indirectly . | . . . Trap Hack Attempts . | . . . Triggered . | . . . Disarmed . | . . . Reprogrammed . | . . . Reused . | . . . Traps Extracted . | . . . Installed . | . . . Triggered . | . . . Machines | -11 -10 -10 ---------- Run | Yrd Mat Min Machines Disabled . | . . . Max in Single Turn . | . . . Machines Repaired . | . . . Machines Dismantled . | . . . Machines Sabotaged . | . . . Overloaded Fab Kills . | . . . Hacking | -11 -10 -10 --------- Run | Yrd Mat Min Machines Accessed 9 | . 8 1 Terminals 7 | . 6 1 Fabricators . | . . . Repair Stations . | . . . Recycling Units 2 | . 2 . Scanalyzers . | . . . Garrison Access . | . . . Total Hacks 23 | . 20 3 Successful 9 | . 8 1 Failed 13 | . 11 2 Catastrophic 2 | . 2 . Database Lockouts 1 | . 1 . Manual 14 | . 11 3 Terminals 19 | . 16 3 Fabricators . | . . . Repair Stations . | . . . Recycling Units 4 | . 4 . Scanalyzers . | . . . Garrison Access . | . . . Terminal Hacks 5 | . 4 1 Robot Analysis 2 | . 2 . Prototype ID Bank 2 | . 1 1 Hauler Manifests 1 | . 1 . Fabricator Hacks . | . . . Repair Station Hacks . | . . . Recycling Unit Hacks 1 | . 1 . Retrieve Components 1 | . 1 . Scanalyzer . | . . . Garrison Access Hacks . | . . . Unauthorized Hacks 3 | . 3 . Terminals 3 | . 3 . Assimilate 1 | . 1 . Botnet 1 | . 1 . Operators 1 | . 1 . Fabricators . | . . . Repair Stations . | . . . Recycling Units . | . . . Scanalyzers . | . . . Garrison Access . | . . . Data Cores Recovered . | . . . Used . | . . . Hacking Detections 7 | . 6 1 Full Trace Events . | . . . Feedback Events . | . . . Feedback Blocked . | . . . Robot Schematics Acquired . | . . . Robots Built . | . . . Authchips . | . . . Time . | . . . Total Robot Build Rating . | . . . Part Schematics Acquired . | . . . Parts Built . | . . . Authchips . | . . . Time . | . . . Total Part Build Rating . | . . . Parts Repaired . | . . . Time . | . . . Parts Recycled . | . . . Recycled Matter . | . . . Retrieved Matter . | . . . Retrieved Components 2 | . 2 . Parts Scanalyzed . | . . . Part Schematics Acquired . | . . . Parts Damaged . | . . . Bothacking | -11 -10 -10 ------------ Run | Yrd Mat Min Used RIF Installer . | . . . Robots Hacked 1 | . 1 . Non-combat 1 | . 1 . Combat . | . . . Robot Hacks Applied 3 | . 3 . parse_system 1 | . 1 . no_distress 1 | . 1 . check_alert 1 | . 1 . Relay Couplers Released . | . . . Fabnet Peak Effective % . | . . . Robots Rewired . | . . . Allies Hacked . | . . . Hacks Repelled . | . . . Allies | -11 -10 -10 -------- Run | Yrd Mat Min Total Allies . | . . . Largest Group . | . . . Highest-Rated Group . | . . . Highest-Rated Ally . | . . . Total Orders . | . . . Ally Attacks . | . . . Total Damage . | . . . Kills . | . . . Allies Corrupted . | . . . Allies Melted . | . . . Intel | -11 -10 -10 ------- Run | Yrd Mat Min Robot Analysis Total 2 | . 2 . Derelict Logs Recovered 1 | . . 1 Drone Launches . | . . . Drone Recoveries . | . . . Exploration | -11 -10 -10 ------------- Run | Yrd Mat Min Turns Passed 2034 | 71 1616 347 Spaces Moved 1025 | 53 814 158 Core 7 | 6 . 1 Treads . | . . . Legs 1018 | 47 814 157 Wheels . | . . . Hover . | . . . Flight . | . . . Fastest Speed 50 | 50 120 190 Average Speed 165 | 112 163 192 Slowest Speed 450 | 120 400 450 Overloaded Moves . | . . . Propulsion Burnouts . | . . . Robots Hopped . | . . . Cave-ins Triggered . | . . . Exploration Rate (%) 46 | 4 95 39 Regions Visited 2 Branch Regions 1 Pre-discovered Areas . | . . . Known Exits Taken 1 | . 1 . Unknown Exits Taken 1 | 1 . . Scrap Searched . | . . . Spaces Dug . | . . . Terrain Destroyed . | . . . Melee . | . . . Projectile . | . . . AOE . | . . . Terrain Rammed . | . . . Walls Destroyed . | . . . Machines Disabled . | . . . Actions | -11 -10 -10 --------- Run | Yrd Mat Min Total 1250 | 61 1012 177 Wait 116 | . 112 4 Move 1023 | 52 813 158 Hop . | . . . Pick Up 15 | 2 13 . Fast Attach 8 | 6 2 . Attach 2 | . 2 . Detach . | . . . Swap 8 | 1 6 1 Drop 4 | . 4 . Fire 50 | . 50 . Melee 24 | . 10 14 Ram . | . . . Kick . | . . . Crush . | . . . Escape Stasis . | . . . Rewire . | . . . Trap . | . . . Miscellaneous . | . . . Route ------- -11/Scrapyard -10/Materials (discovered 4 exits: *Mat x2 / *Min x2) -10/Mines (discovered 1 exit: *Mat) History --------- Turn | Location | Event 6 | -11/Scrapyard | Discovered new exit (range 16) 72 | -11/Scrapyard | Entered Materials 302 | -10/Materials | Build established: Mutant 612 | -10/Materials | Discovered new exit (range 14) 754 | -10/Materials | Central database locked down 799 | -10/Materials | Discovered new exit (range 4) 1187 | -10/Materials | Discovered new exit (range 5) 1391 | -10/Materials | Discovered new exit (range 10) 1530 | -10/Materials | Identified exit to Materials 1662 | -10/Materials | Identified exit to Mines 1688 | -10/Materials | Entered Mines 1834 | -10/Mines | Learned location of 2 exits from Materials 1867 | -10/Mines | Discovered exit to Materials (range 6) 2008 | -10/Mines | Core integrity fell below 50% 2026 | -10/Mines | Core integrity fell below 20% 2035 | -10/Mines | Destroyed by Y-45 Defender with Heavy Assault Rifle Last Messages --------------- 01891_ Destroyed Aluminum Leg. 01891_ G-34 Mercenary system corrupted by crushing effect. 01892_ G-34 Mercenary system terminally corrupted. 01894_ Acquired 50 matter. 01898_ R-06 Scavenger collects Corrupted Particle Gun. 01932_ Connecting with Terminal... >>Prototypes Downloading prototype IDs... Cld. Ion Engine Imp. EM Shotgun 02008_ Destroyed Heat Sink. 02008_ Y-45 Defender system corrupted by crushing effect. 02013_ Aluminum Leg destroyed. 02015_ Ion Engine destroyed. 02022_ Beam Rifle destroyed. 02025_ Aluminum Leg destroyed. Map ----- +----------------------------------------------------+ | ????????????????????????????????????????????????? | | ????????????????????????????????????????????????? | | ???#######?##???????????????????????????????????? | | ???# #???????????????????????????????????? | | ???# """ #???????????????????????????????????? | | ???# """ #???????????????????????????????????? | | ???# """ #???????????????????????????????????? | | ???# #???????????????????????????????????? | | ???# """ #???????????????????????????????????? | | ???# """ #???????????????????????????????????? | | ???# """ #???????????????????????????????????? | | ???# #???????????????????????????????????? | | ???# < #???????????????????????????????????? | | ???# #???????????????????????????????????? | | ??## #???????????????????????????????????? | | ??#T #???????????????????????????????????? | | ??#### ######??????????######???????????????????? | | ?????# #??????????????##"!!"##??????????????????? | | ?????#%######?????????#""!!""#??????????????????? | | ?????# #?????????# #??????????????????? | | ?????###### #??????????# #???????????????????? | | ??????????# #?????????###//###??????????????????? | | ??????????# #?????????# ####???????????????? | | ??????????# #?????????# #???????????? | | ??????????# #????????##Y#### #???????????? | | ?????###### #????????# @#?? ####???????????? | | ????## ## ######???# #??? #??????????????? | | ????# #???## ##??? #??????????????? | | ???## ###### ## #??????????????? | | ???# ##### #??????????????? | | ???# ##???# #??????????????? | | ???# #????######### ##??????????????? | | ???## ##???????????# #####???????????????? | | ????# ##?????????? ##???????????????????? | | ????# #?????????? ##????????????????????? | | ????# #?????????? #?????????????????????? | | ????## ##?????????? #?????????????????????? | | ????## #??????????? ?????????????????????? | | ???## #?????????? ?????????????????????? | | ??## ##?????????? ##????????????????????? | | ??# ###??????????? ####?????????????????????? | | ??# ##???????????? ######????????????????????? | | ??# ##??????####?# ????????????????????? | | ??# ######## ## ?????????????????????? | | ??# #??????????????????????????? | | ??## #???????????????????????????? | | ???########### ##???????????????????????????? | | ?????????????## ##????????????????????????????? | | ??????????????# ###?????????????????????????????? | | ??????????????# ########????????????????????????? | +----------------------------------------------------+ Best States ------------- Heat Dissipation 25 Energy Generation 10 Energy Capacity 250 Matter Stores 300 Matter Capacity 300 Sight Range 16 Terrain Scan Range 14 Terrain Scan Density 10 ECM Strength 1 Evasion (%) 55 Item Schematics ----------------- None Robot Schematics ------------------ None Fabricated ------------ Nothing Alien Tech Used ----------------- None Achievements -------------- None Challenges ------------ None Game ------ Seed ProjectionStormSuit Manual? 0 Play Time 00:12:02 Cumulative 40.4 hours Start 2024.09.15 @ 12:51:55 End 2024.09.15 @ 13:02:42 Sessions 1 Manual Loads 0 Difficulty Rogue Special Mode None Game No. 74 Rogue 74 Adventurer 0 Explorer 0 Win Type - Total 0 Types 0/0/0/0/0/0/0/0/0 Lore% 14 Gallery% 34 Achievement% 30 Wizard Run 0 Options --------- Layout 1 ASCII 0 Keyboard 1 Movement Numpad Keybinds 0 Fullscreen 1 Font 24/Smallcaps Map View 50x35 Zoom Use 0% Tactical HUD 1 Map Filters NONE Filters NONE Steam 1 RUN: 20bff0fa-4990-4464-8214-172318260fd4